Map: Deathaura LE

Players

wolfsha - Winner!

  • Race: Protoss Protoss
  • League: Master
  • Spawn Location: 5:00

Mark

  • Race: Terran Terran
  • League: Master
  • Spawn Location: 11:00

VOD

Have the link to the VOD?

Description

Time

  • Played on: Oct. 18, 2020, 1:46 p.m.
  • Length: 9:30
Show
View Real Time Build Order
Export as new Build Order

wolfsha Protoss - Winner!

Build Orders: 1 Gate Expand, Blink Stalkers, Colossus Rush 

Get SALT Encoding   

  12  0:00  Probe  
  13  0:12  Probe  
  14  0:17  Pylon  
  14  0:24  Probe  
  15  0:36  Probe (Chrono Boost)  
  15  0:38  Gateway  
  16  0:48  Probe (Chrono Boost), Assimilator  
  17  0:53  Probe (Chrono Boost)  
  18  1:03  Probe  
  19  1:15  Probe  
  20  1:25  Cybernetics Core  
  20  1:32  Nexus  
  20  1:37  Probe  
  21  1:44  Pylon  
  21  1:53  Assimilator  
  21  1:59  Probe (Chrono Boost), Adept (Chrono Boost)  
  22  2:04  Warp Gate  
  24  2:11  Probe (Chrono Boost)  
  25  2:18  Probe (Chrono Boost)  
  25  2:22  Stalker  
  28  2:27  Probe  
  29  2:42  Probe (Chrono Boost)  
  30  2:44  Twilight Council, Probe (Chrono Boost)  
  31  2:54  Probe (Chrono Boost)  
  31  2:55  Probe (Chrono Boost)  
  33  2:59  Probe (Chrono Boost), Robotics Facility  
  33  3:03  Probe  
  34  3:12  Probe (Chrono Boost)  
  34  3:15  Gateway  
  35  3:20  Probe (Chrono Boost)  
  35  3:21  Blink (Chrono Boost)  
  35  3:22  Pylon  
  35  3:24  Probe (Chrono Boost)  
  36  3:29  Probe (Chrono Boost)  
  36  3:30  Probe (Chrono Boost)  
  38  3:37  Gateway  
  38  3:40  Probe, Shield Battery  
  39  3:41  Probe  
  39  3:46  Observer  
  41  3:53  Stalker, Probe (Chrono Boost)  
  45  3:55  Probe (Chrono Boost)  
  45  3:58  Assimilator  
  45  4:00  Assimilator  
  45  4:01  Pylon  
  46  4:04  Probe (Chrono Boost)  
  46  4:07  Probe (Chrono Boost)  
  46  4:08  Observer  
  46  4:09  Probe (Chrono Boost)  
  48  4:16  Probe  
  50  4:20  Probe  
  51  4:26  Robotics Bay  
  51  4:29  Probe  
  52  4:32  Probe  
  52  4:33  Observer  
  54  4:41  Pylon  
  54  4:43  Stalker  
  55  4:47  Stalker x2  
  59  4:53  Nexus  
  59  4:58  Observer  
  59  5:05  Probe x2  
  61  5:09  Forge  
  61  5:12  Observer  
  61  5:17  Probe x2  
  61  5:18  Colossus (Chrono Boost)  
  69  5:29  Probe  
  69  5:30  Observer  
  69  5:32  Probe  
  70  5:42  Protoss Ground Weapons Level 1  
  70  5:43  Observer  
  70  5:44  Charge  
  70  5:48  Pylon  
  70  5:50  Pylon  
  70  6:04  Probe x2  
  70  6:07  Probe  
  70  6:08  Extended Thermal Lance  
  73  6:17  Probe x2, Colossus (Chrono Boost)  
  81  6:19  Probe  
  81  6:24  Pylon  
  82  6:28  Gateway  
  82  6:29  Probe x2  
  82  6:31  Probe, Gateway  
  82  6:32  Gateway  
  85  6:37  Gateway  
  85  6:41  Probe x2, Gateway  
  85  6:43  Probe  
  85  6:44  Gateway x2  
  85  6:45  Pylon  
  88  6:49  Stalker x2  
  90  6:58  Shield Battery  
  90  6:59  Shield Battery  
  90  7:00  Shield Battery  
  90  7:03  Pylon  
  90  7:08  Stalker  
  92  7:19  Stalker x2  
  88  7:23  Observer  
  80  7:30  Zealot  
  80  7:31  Zealot  
  82  7:45  Observer  
  82  7:46  Probe x3, Observer  
  82  7:49  Stalker x2  
  82  7:50  Stalker x4  
  82  7:51  Assimilator  
  95  7:52  Colossus (Chrono Boost)  
  95  7:53  Assimilator  
  95  7:58  Stalker x2, Probe x2  
  102  7:59  Probe  
  106  8:10  Probe  
  107  8:13  Nexus  
  107  8:14  Pylon  
  107  8:18  Probe x2, Forge  
  109  8:22  Probe  
  109  8:23  Gravitic Drive  
  109  8:25  Templar Archives  
  109  8:27  Stalker  
  112  8:28  Sentry, Zealot  
  114  8:34  Warp Prism (Chrono Boost)  
  114  8:38  Probe x2  
  110  8:42  Observer  
  110  8:45  Zealot x5  
  120  8:51  Stalker x3  
  126  9:01  Pylon  
  114  9:04  Pylon  
  114  9:08  Pylon  
  108  9:10  Pylon  
  106  9:17  Stalker x2  
  106  9:18  Stalker x5, Zealot  
Show
View Real Time Build Order
Export as new Build Order

Mark Terran 

Build Orders:  

Get SALT Encoding   

  12  0:00  SCV  
  13  0:13  SCV  
  14  0:17  Supply Depot  
  14  0:25  SCV  
  15  0:31  Refinery  
  15  0:38  SCV  
  16  0:45  Barracks  
  16  0:50  SCV  
  17  1:02  SCV  
  18  1:15  SCV  
  19  1:31  Marine  
  19  1:32  Orbital Command  
  20  1:34  Factory  
  20  1:51  Barracks Reactor  
  20  1:58  Command Center  
  20  2:01  SCV  
  21  2:09  Supply Depot  
  21  2:13  SCV  
  22  2:25  SCV  
  23  2:31  Hellion x2  
  23  2:35  Starport  
  27  2:39  SCV  
  27  2:43  Refinery  
  29  2:51  SCV  
  29  2:52  Hellion  
  30  3:15  SCV  
  30  3:19  Medivac  
  35  3:21  Orbital Command  
  37  3:28  SCV  
  37  3:30  Widow Mine x2  
  37  3:33  Supply Depot  
  38  3:38  Barracks  
  38  3:41  SCV  
  39  3:47  SCV  
  40  3:54  Starport Tech Lab  
  40  3:57  Barracks  
  40  4:00  SCV  
  40  4:02  Factory Tech Lab  
  41  4:05  Supply Depot  
  41  4:08  SCV  
  42  4:12  SCV, Engineering Bay  
  42  4:14  Refinery  
  43  4:19  Marine  
  43  4:21  SCV  
  45  4:25  SCV  
  45  4:28  Supply Depot, Starport Reactor  
  46  4:32  Factory Reactor  
  46  4:33  SCV  
  46  4:34  Marine  
  46  4:38  SCV  
  49  4:43  Marine, Marauder  
  52  4:51  Supply Depot  
  52  4:52  Stimpack, Marine  
  53  4:53  SCV x2  
  53  4:58  Marine  
  56  5:00  Marine  
  56  5:01  Supply Depot  
  56  5:05  SCV, Marauder  
  56  5:06  Medivac  
  62  5:13  Widow Mine x2  
  62  5:15  SCV  
  62  5:17  Marauder  
  65  5:29  Marine, Marauder  
  68  5:37  Marine  
  68  5:39  Marauder  
  71  5:44  Medivac, Widow Mine x2  
  71  5:45  Medivac  
  71  5:47  Marine  
  80  5:50  Combat Shield  
  80  5:51  Marauder  
  80  5:55  Marine  
  83  6:00  Marauder  
  85  6:04  Marine  
  85  6:05  Supply Depot  
  85  6:06  Supply Depot  
  86  6:27  Widow Mine x2, Marine x2, Marauder  
  86  6:28  Marauder  
  86  6:32  Concussive Shells  
  96  6:33  SCV  
  97  6:43  Command Center  
  95  6:47  Marine x2  
  95  6:49  Marauder  
  95  6:50  Marauder  
  100  7:02  SCV x2  
  100  7:04  Terran Infantry Weapons Level 1  
  102  7:12  Supply Depot, Marauder  
  102  7:13  Marine, Marauder  
  102  7:17  Marine  
  87  7:31  Marine  
  87  7:34  Marauder x2  
  87  7:35  Marine  
  89  7:38  Widow Mine x2  
  85  7:47  Medivac  
  85  7:48  Medivac  
  85  7:49  Marine  
  84  7:52  Marine  
  84  7:55  Orbital Command, Marauder  
  84  7:56  Marauder  
  87  8:01  Widow Mine x2  
  91  8:07  Marine  
  91  8:10  Marine  
  93  8:16  Marine x2  
  93  8:17  Medivac  
  93  8:18  SCV  
  98  8:22  Widow Mine x2  
  98  8:25  Marine  
  103  8:28  Marine  
  104  8:34  Marauder  
  104  8:35  Medivac, Marauder  
  104  8:37  SCV x2  
  104  8:38  SCV  
  111  8:42  Marine  
  111  8:44  Widow Mine  
  111  8:46  Marine  
  113  8:49  SCV x2  
  113  8:55  Marine  
  115  8:56  Marauder  
  115  9:00  Marine  
  100  9:04  Marine  
  100  9:08  Widow Mine x2  
Tags
 
Add a new tag
Caveats
  • Supply blocks, unpowered buildings, or Contaminate may cause inaccurate times.
  • Supply counts are checked every 10 seconds.